Map: Dusk Towers

Players

Pokebunny

  • Race: Terran Terran
  • League: Grandmaster

hydra - Winner!

  • Race: Zerg Zerg
  • League: Grandmaster

VOD

Have the link to the VOD?

Description

Time

  • Played on: April 6, 2016, 3:48 p.m.
  • Length: 10:59
Show
View Real Time Build Order
Export as new Build Order

Pokebunny Terran 

Build Orders: Reaper Expand, MMM Bio 

Get SALT Encoding   

  12  0:01  SCV  
  13  0:13  SCV  
  14  0:18  Supply Depot  
  14  0:25  SCV  
  15  0:39  SCV  
  15  0:40  Barracks  
  16  0:43  Refinery  
  16  0:51  SCV  
  17  1:03  SCV  
  18  1:16  SCV  
  19  1:27  Reaper  
  19  1:28  Orbital Command  
  20  1:40  Command Center  
  20  1:54  Supply Depot, SCV  
  21  2:00  Barracks Reactor  
  21  2:04  Barracks  
  21  2:06  SCV  
  22  2:16  Barracks  
  22  2:19  SCV  
  23  2:25  Refinery  
  23  2:37  Marine x2  
  23  2:38  SCV  
  26  2:50  Factory, SCV  
  27  2:51  Barracks Tech Lab  
  27  2:55  Orbital Command  
  27  2:58  Marine  
  27  3:00  Marine  
  29  3:07  SCV  
  29  3:09  Marine  
  31  3:15  Stimpack  
  31  3:16  Marine  
  31  3:19  Marine  
  33  3:23  SCV  
  34  3:32  Marine x2  
  36  3:34  Marine  
  36  3:36  Starport  
  36  3:37  Factory Reactor  
  36  3:39  Marine  
  37  3:41  SCV  
  37  3:43  SCV  
  37  3:48  Supply Depot  
  39  3:52  Marine x2  
  39  3:54  SCV  
  42  3:55  SCV  
  42  3:58  Marine  
  42  4:01  Marine  
  45  4:06  SCV  
  45  4:08  Supply Depot  
  45  4:09  SCV  
  47  4:10  Marine x2  
  49  4:19  Medivac x2  
  49  4:20  Marine  
  49  4:23  Engineering Bay  
  54  4:29  Marine, SCV x2  
  57  4:33  Marine x2  
  57  4:36  Factory Tech Lab  
  59  4:44  SCV  
  59  4:45  SCV  
  61  4:46  Refinery, Marine  
  62  4:53  Barracks Reactor  
  62  4:56  Supply Depot  
  62  5:00  Terran Infantry Weapons Level 1  
  62  5:07  Supply Depot  
  62  5:13  Barracks  
  62  5:17  Barracks  
  62  5:18  Siege Tank, Marine x3, SCV x2  
  70  5:29  Medivac  
  70  5:30  SCV x2  
  69  5:35  Marine  
  69  5:36  Marine x2  
  69  5:39  Medivac  
  69  5:40  Supply Depot  
  69  5:42  SCV x2  
  74  5:45  Marine  
  74  5:50  Marine  
  74  5:52  Combat Shields  
  74  5:54  Marine x2  
  77  5:58  Supply Depot, Marine  
  77  6:00  Supply Depot  
  77  6:02  SCV x2  
  80  6:07  Supply Depot  
  78  6:15  Marine x3  
  78  6:17  Marine x2  
  83  6:20  Marine x2  
  83  6:21  Siege Tank  
  83  6:24  Supply Depot  
  88  6:40  Marine  
  88  6:41  Marine x4  
  88  6:42  Marine  
  88  6:43  Medivac  
  88  6:45  Supply Depot  
  96  6:47  SCV  
  96  6:48  SCV  
  96  6:53  Siege Tank  
  101  6:58  Marine x3  
  101  6:59  Marine  
  105  7:02  Terran Infantry Armor Level 1  
  80  7:17  Marine x3  
  80  7:18  Marine x4  
  74  7:35  Marine x3  
  74  7:36  Marine x4  
  78  7:38  Medivac x2  
  81  7:46  Command Center  
  81  7:50  Siege Tank  
  80  7:53  Marine x2  
  80  7:55  Marine x2  
  80  7:56  Liberator, Marine x3  
  87  8:11  Marine x2  
  89  8:13  Marine x2  
  89  8:14  Marine  
  89  8:16  Supply Depot  
  89  8:18  Refinery  
  95  8:22  Siege Tank  
  94  8:34  Marine x5  
  98  8:45  Marine x2  
  100  8:50  Supply Depot  
  100  8:52  Armory, Engineering Bay, Marine  
  100  8:54  Siege Tank, Marine  
  100  8:55  Marine x3  
  108  9:01  Orbital Command  
  108  9:03  Marine x2  
  108  9:09  Marine  
  110  9:12  Marine  
  110  9:13  Marine  
  100  9:25  Marine x2  
  100  9:26  Marine x2  
  100  9:27  Marine  
  100  9:30  Marine  
  93  9:45  Marine x3  
  85  9:54  Marine x3  
  77  10:03  Siege Tank, Medivac x2  
  77  10:05  Orbital Command  
  80  10:18  Marine  
  80  10:19  Marine x4  
  76  10:27  Marine x2  
  78  10:30  SCV x2  
  78  10:32  SCV  
Show
View Real Time Build Order
Export as new Build Order

hydra Zerg - Winner!

Build Orders: Hatch First 

Get SALT Encoding   

  12  0:01  Drone  
  13  0:12  Overlord  
  13  0:17  Drone  
  14  0:30  Drone x2  
  14  0:34  Drone  
  17  0:51  Hatchery  
  17  0:54  Drone  
  17  0:57  Drone  
  18  1:06  Extractor  
  17  1:11  Spawning Pool  
  17  1:16  Drone  
  17  1:18  Drone  
  18  1:28  Drone  
  19  1:38  Overlord  
  19  1:58  Zergling x2, Queen  
  19  2:00  Zergling x2  
  23  2:03  Queen  
  23  2:06  Drone, Metabolic Boost  
  26  2:10  Drone  
  26  2:15  Drone  
  28  2:21  Drone  
  29  2:24  Drone  
  30  2:33  Drone, Queen  
  30  2:36  Overlord  
  33  2:44  Pneumatized Carapace  
  33  2:47  Drone x2  
  35  2:53  Overlord  
  35  2:56  Drone  
  36  3:06  Drone  
  36  3:08  Drone  
  36  3:09  Drone  
  36  3:12  Drone  
  40  3:13  Drone x2  
  40  3:14  Drone x2  
  44  3:28  Hatchery  
  44  3:34  Queen  
  43  3:36  Queen  
  47  3:42  Baneling Nest  
  47  3:48  Drone x4, Extractor  
  49  3:49  Drone  
  49  3:53  Overlord  
  50  3:58  Drone  
  50  4:00  Overlord  
  50  4:01  Overlord  
  51  4:08  Drone  
  52  4:14  Drone, Evolution Chamber  
  52  4:17  Evolution Chamber  
  51  4:27  Drone  
  51  4:28  Drone x2  
  51  4:29  Zergling x12  
  60  4:40  Overlord x2, Zerg Ground Armor Level 1  
  60  4:43  Zerg Melee Weapons Level 1  
  60  4:46  Drone  
  60  4:50  Drone  
  62  4:55  Zergling x12  
  62  4:56  Baneling x2  
  62  4:57  Baneling x4  
  67  5:00  Drone  
  67  5:02  Spore Crawler  
  67  5:04  Spore Crawler  
  67  5:05  Drone  
  67  5:10  Zergling x6  
  70  5:15  Zergling x6  
  70  5:19  Drone x3  
  70  5:21  Zergling x4  
  78  5:25  Baneling x3  
  75  5:39  Drone, Lair  
  75  5:40  Drone  
  75  5:41  Drone x6  
  80  5:46  Zergling x4  
  80  5:47  Zergling x2  
  80  5:48  Drone  
  80  5:49  Drone x2  
  86  5:50  Drone  
  86  5:52  Overlord  
  86  5:54  Baneling x3  
  86  5:55  Baneling  
  87  6:00  Hatchery  
  87  6:03  Zergling x4  
  88  6:09  Zergling x4  
  87  6:14  Zergling x4  
  89  6:19  Zergling x12  
  89  6:22  Extractor  
  89  6:23  Extractor  
  89  6:24  Drone x3  
  89  6:25  Drone  
  97  6:28  Baneling x9  
  97  6:29  Zergling x4  
  99  6:33  Overlord  
  99  6:36  Baneling x2  
  99  6:38  Overlord  
  99  6:44  Zergling x4  
  99  6:47  Queen x2  
  101  6:50  Overlord x2  
  101  6:51  Queen  
  107  6:57  Centrifical Hooks  
  107  6:58  Zergling x12  
  108  7:10  Zergling x2  
  108  7:11  Zergling x10  
  108  7:15  Zergling x4  
  106  7:20  Zergling x8  
  111  7:24  Zergling x10  
  111  7:29  Zerg Melee Weapons Level 2  
  110  7:31  Zerg Ground Armor Level 2  
  110  7:32  Hatchery  
  108  7:37  Zergling x10  
  108  7:38  Zergling x2  
  112  7:51  Drone x2  
  111  7:52  Drone x3, Spire  
  111  7:53  Drone  
  111  7:55  Drone, Extractor  
  111  7:56  Drone x3, Extractor  
  117  8:04  Baneling x5  
  118  8:05  Zergling x2  
  118  8:06  Zergling x10  
  122  8:12  Baneling  
  122  8:13  Baneling x4  
  122  8:16  Zergling x14  
  127  8:35  Infestation Pit  
  123  8:51  Drone  
  123  8:52  Drone x4  
  123  8:54  Overlord x3  
  123  8:55  Zergling x18  
  132  8:56  Zergling x8  
  141  9:02  Baneling  
  141  9:03  Overseer, Baneling x2  
  141  9:05  Overlord x2  
  141  9:06  Drone  
  140  9:23  Zergling x34  
  142  9:28  Infestor x2, Hive  
  142  9:29  Infestor  
  116  10:00  Baneling x3  
  116  10:02  Drone x3  
  116  10:03  Zergling x16  
  116  10:04  Zergling x24  
  116  10:06  Baneling x18  
  131  10:07  Baneling  
  131  10:13  Drone  
  131  10:14  Drone  
  131  10:17  Zergling x8  
  133  10:22  Overlord  
  130  10:30  Zergling x2  
  130  10:31  Zergling x8  
  135  10:44  Ultralisk Cavern  
Tags
 
Add a new tag
Caveats
  • Supply blocks, unpowered buildings, or Contaminate may cause inaccurate times.
  • Supply counts are checked every 10 seconds.